 Dungeon Crawl Stone Soup version 0.27-a0-1555-g0e7b3fb1d2 (webtiles) character file.

Game seed: 11342177409271758340

114 pokeman the Magician (level 4, -7/25 HPs)
             Began as a Deep Elf Hedge Wizard on July 14, 2021.
             Mangled by an ogre (32 damage)
             ... on level 4 of the Dungeon.
             The game lasted 00:06:39 (3880 turns).

pokeman the Magician (Deep Elf Hedge Wizard)        Turns: 3880, Time: 00:06:39

Health: -7/25      AC:  4    Str:  7    XL:     4   Next: 66%
Magic:  0/13       EV: 12    Int: 20    God:
Gold:   118        SH:  0    Dex: 14    Spells: 0/14 levels left

rFire    . . .     SeeInvis .   l - staff of death
rCold    . . .     Faith    .   (no shield)
rNeg     + . .     Spirit   .   m - +0 leather armour
rPois    .         Reflect  .   c - +0 hat
rElec    .         Harm     .   (no cloak)
rCorr    .         Rampage  .   (no gloves)
Will     .....                  n - +0 pair of boots
Stlth    ++........             (no amulet)
HPRegen  0.08/turn              (no ring)
MPRegen  0.13/turn              (no ring)

@: no status effects
A: no striking features
a: no special abilities


You were on level 4 of the Dungeon.
You visited 1 branch of the dungeon, and saw 4 of its levels.

You collected 118 gold pieces.

Inventory:

Armour
 c - a +0 hat (worn)
 m - a +0 leather armour (worn)
 n - a +0 pair of boots (worn)
Magical Staves
 l - a staff of death (weapon)
Scrolls
 b - a scroll of enchant armour {unknown}
 d - a scroll of identify {unknown}
 f - a scroll of blinking {unknown}
 g - a scroll of amnesia {unknown}
 j - a scroll of magic mapping {unknown}
Potions
 a - 2 potions of brilliance {unknown}
 e - a potion of heal wounds {unknown}
 h - 3 potions of curing {unknown}
 i - a potion of haste {unknown}
 k - a potion of lignification {unknown}


   Skills:
 - Level 1.0 Fighting
 - Level 1.0 Armour
 + Level 2.9 Dodging
 - Level 2.4 Stealth
 * Level 5.8 Spellcasting
 + Level 2.3 Conjurations
 - Level 1.1 Summonings
 - Level 1.1 Translocations
 + Level 0.4 Transmutations
 - Level 1.0 Fire Magic


You couldn't memorise any spells.
You knew the following spells:

 Your Spells              Type           Power      Damage    Failure   Level
a - Magic Dart            Conj           60%        1d6       6%          1
b - Mephitic Cloud        Conj/Pois/Air  8%         N/A       34%         3
c - Call Imp              Summ           10%        N/A       16%         2
d - Blink                 Tloc           N/A        N/A       16%         2
e - Conjure Flame         Conj/Fire      12%        6-21      24%         3
f - Foxfire               Conj/Fire      48%        2x1d6     8%          1
g - Wereblood             Tmut           7%         N/A       21%         2

Your spell library contained the following spells:

 Spells                   Type           Power      Damage    Failure   Level
 Freeze                   Ice            20%        1d4       16%         1
 Slow                     Hex            5%         N/A       24%         2
 Sublimation of Blood     Necr           4%         N/A       24%         2
 Dazzling Flash           Conj/Hex       20%        N/A       28%         3
 Inner Flame              Hex/Fire       7%         N/A       36%         3
 Frozen Ramparts          Ice            10%        1d3       43%         3
 Hailstorm                Conj/Ice       10%        3d5       67%         4
 Agony                    Necr           8%         N/A       99%         5
 Silence                  Hex/Air        2%         N/A       99%         5
 Summon Hydra             Summ           5%         N/A       100%        7


Dungeon Overview and Level Annotations

Branches:
Dungeon (4/15)
 Temple: D:4-7

Altars:
Wu Jian


Message History

The spell is extremely dangerous to cast (34% risk of failure)!
Continue anyway?
Aiming: Mephitic Cloud (extremely dangerous; 34% risk of failure)
Press: ? - help, Shift-Dir - straight line, f - ogre
Aim: an ogre, wielding a +0 giant spiked club (chance to affect: 77%)
The ball explodes into a vile cloud!
The stinking cloud engulfs the ogre but does no damage.
You hear a shout! x4
The ogre is engulfed in noxious fumes.
The ogre appears confused.
Unknown command.
Casting: Mephitic Cloud (extremely dangerous; 34% risk of failure)
Confirm with . or Enter, or press ? or * to list all spells.
You conjure some foxfire!
Your magical contamination has completely faded away.
Unknown command.
Casting: Foxfire (safe; 8% risk of failure)
Confirm with . or Enter, or press ? or * to list all spells.
You conjure some foxfire!
The foxfire hits the ogre.
The ogre is moderately wounded.
The foxfire hits the ogre.
The ogre is moderately wounded.
The ogre is engulfed in noxious fumes.
The ogre appears confused.
You hit the ogre but do no damage.
The ogre is moderately wounded.
The foxfire hits the ogre.
The ogre is moderately wounded.
The foxfire hits the ogre.
The ogre is heavily wounded.
The ogre closely misses you.
Casting: Foxfire (safe; 8% risk of failure)
Confirm with . or Enter, or press ? or * to list all spells.
You conjure some foxfire!
The ogre closely misses your foxfire.
You hit the ogre.
The ogre is heavily wounded.
The foxfire hits the ogre.
The ogre is heavily wounded.
The foxfire hits the ogre.
The ogre is severely wounded.
The ogre hits you with a +0 giant spiked club!!
Ouch! That really hurt!
You die...

......##...##
......#<....##..###
#.................#
..........#.......
#.##.#....#......
#.......<.#....#
................
###.......O..##.
#........@.#
#.......ยง##......
...>.....# ......
........... ....
....... ... .......
.. ....... .
.......


You could see an ogre (confused).

Vanquished Creatures
  A hound skeleton (D:2)
  An adder (D:2)
  A worm (D:2)
  A dart slug (D:1)
  9 bats
  5 endoplasms
  6 giant cockroaches
  8 goblins
  9 hobgoblins
  10 jackals
  2 quokkas
  4 ball pythons
  5 frilled lizards
  3 kobolds
  18 rats (D:3)
83 creatures vanquished.

Vanquished Creatures (others)
  169 foxfires
169 creatures vanquished.

Grand Total: 252 creatures vanquished

Notes
Turn   | Place    | Note
-------+----------+-------------------------------------------
     0 | D:1      | pokeman the Deep Elf Hedge Wizard began the quest for the
                  | Orb.
     0 | D:1      | Reached XP level 1. HP: 10/10 MP: 7/7
   244 | D:1      | Learned a level 1 spell: Foxfire
   328 | D:1      | Reached XP level 2. HP: 10/15 MP: 6/9
   950 | D:1      | Reached skill level 5 in Spellcasting
  1148 | D:1      | Found a faded altar of an unknown god.
  1162 | D:1      | Reached XP level 3. HP: 8/20 MP: 4/11
  1168 | D:1      | Learned a level 3 spell: Mephitic Cloud
  1171 | D:1      | Learned a level 2 spell: Call Imp
  1174 | D:1      | Learned a level 2 spell: Blink
  1178 | D:1      | Learned a level 3 spell: Conjure Flame
  1863 | D:2      | Reached skill level 1 in Armour
  1893 | D:2      | Reached skill level 1 in Fighting
  2186 | D:2      | Reached XP level 4. HP: 25/25 MP: 8/13
  2974 | D:3      | Reached skill level 1 in Fire Magic
  2977 | D:3      | Learned a level 2 spell: Wereblood
  3523 | D:3      | Found an ornate altar of the Wu Jian Council.
  3867 | D:4      | Noticed an ogre
  3880 | D:4      | Mangled by an ogre

Illustrated notes

Levels and vault maps discovered:
D:1:      dpeg_arrival_simpleton_a, layout_loops_corners, basic_ecumenical_altar
D:2:      layout_loops_cross, chequers_serial_rivers_small_3
D:3:      layout_loops_corners, nicolae_wu_jian_glorious_leap, minmay_rat_hole
D:4:      layout_cave_pools, kennysheep_generic_room_5

Skill      XL: |  1  2  3  4 |
---------------+-------------+-----
Spellcasting   | 5 |  5.8
Armour         | 1 |  1.0
Fighting       | 1 |  1.0
Conjurations   | 2 |  2.3
Fire Magic     | 1 |  1.0
Dodging        | |  2.9
Stealth        | |  2.4
Summonings     | |  1.1
Translocations | |  1.1
Transmutations | |  0.4

Action                   |  1- 3 |  4- 6 || total
-------------------------+-------+-------++-------
Melee: Dagger            |    27 |       ||    27
       Staff             |       |    14 ||    14
 Cast: Magic Dart        |    20 |    11 ||    31
       Foxfire           |    58 |    39 ||    97
       Blink             |       |     5 ||     5
       Mephitic Cloud    |       |     1 ||     1
Armor: Robe              |     8 |       ||     8
       Leather armour    |       |     6 ||     6
Dodge: Dodged            |    28 |    10 ||    38

Table legend: (Time is in decaauts)
 A = Elapsed time spent in this place.
 B = Non-inter-level travel time spent in this place.
 C = Inter-level travel time spent in this place.
 D = Time resting spent in this place.
 E = Time spent auto-exploring this place.
 F = Levels seen in this place.
 G = Mean time per level.
                   A        B        C        D        E       F      G
               +--------+--------+--------+--------+--------+-----+--------+
         Total |   3883 |   3805 |     78 |      0 |   3363 |   4 |  970.8 |
       Dungeon |   3883 |   3805 |     78 |      0 |   3363 |   4 |  970.8 |
               +--------+--------+--------+--------+--------+-----+--------+

Top non-repeatable levels by time:
     D:1: 1669 daAuts
     D:3: 1180 daAuts
     D:2: 1012 daAuts
     D:4: 21 daAuts
